 Dungeon Crawl Stone Soup version 0.30-a0-459-g9104f0fc43 (webtiles) character file.

Game seed: 3695375480006934102

28315 p00ps00p the Cleaver (level 13, -2/123 HPs)
             Began as a Hill Orc Fighter on Dec 16, 2022.
             Was an Initiate of Gozag.
             Slain by Rupert
             ... wielding a +1 executioner's axe of flaming
              (4 damage)
             ... on level 12 of the Dungeon.
             The game lasted 00:21:45 (15038 turns).

p00ps00p the Cleaver (Hill Orc Fighter)            Turns: 15038, Time: 00:21:46

Health: -2/123     AC: 27    Str: 27    XL:     13   Next: 38%
Magic:  13/13      EV:  7    Int: 12    God:    Gozag
Gold:   1938       SH:  0    Dex:  7    Spells: 12/12 levels left

rFire   . . .      SeeInvis .    a - +4 war axe (drain)
rCold   + . .      Faith    .    q - +0 kite shield
rNeg    + + .      Spirit   .    j - +1 plate armour
rPois   +          Reflect  +    e - +1 helmet of the Cockroach {rF+ rC+ rN+ Str+4}
rElec   +          Harm     .    y - +1 cloak {rPois}
rCorr   .          Rampage  .    (no gloves)
Will    .....                    G - +0 pair of boots {Fly}
Stlth   ..........               f - amulet of reflection
HPRegen 0.40/turn                p - ring "Bunnas" {rElec AC+4 Stlth+}
MPRegen 0.13/turn                t - ring of positive energy

@: confused, ambrosia-drunk, flying, studying Ranged Weapons
A: clever 1, clumsy 1, heat vulnerability 1
a: Renounce Religion, Potion Petition, Call Merchant, Bribe Branch


You were on level 12 of the Dungeon.
You worshipped Gozag.
Gozag was most pleased with you.
You visited 2 branches of the dungeon, and saw 13 of its levels.
You visited the Abyss 1 time.
You also visited: Gauntlet.

You collected 3116 gold pieces.
You spent 350 gold pieces at shops.
You paid 828 gold pieces to Gozag.

Inventory:

Hand Weapons
 a - a +4 war axe of draining (weapon)
 n - the +7 hand axe "Herom" {freeze, Int+3 SInv}
   (You found it on level 3 of the Dungeon)

   It freezes those it strikes, dealing additional cold damage.
   It can also slow down cold-blooded creatures.
   Int:       It affects your intelligence (+3).
   SInv:      It lets you see invisible.
 F - a +4 scimitar of flaming
 K - the +12 sling of Red Wine {speed, rPois SInv}
   (You found it on level 3 of the Dungeon)

   Attacks with this weapon are significantly faster.
   rPois:     It protects you from poison.
   SInv:      It lets you see invisible.
Missiles
 v - 3 throwing nets (quivered)
Armour
 e - the +1 helmet of the Cockroach (worn) {rF+ rC+ rN+ Str+4}
   (You took it off Robin on level 2 of the Dungeon)

   Str:       It affects your strength (+4).
   rF:        It protects you from fire.
   rC:        It protects you from cold.
   rN:        It protects you from negative energy.
 j - a +1 plate armour (worn)
 q - a +0 kite shield (worn)
 y - a +1 cloak of poison resistance (worn)
 G - a +0 pair of boots of flying (worn)
Jewellery
 d - a ring of fire
 f - an amulet of reflection (around neck)
 p - the ring "Bunnas" (left hand) {rElec AC+4 Stlth+}
   (You found it on level 9 of the Dungeon)

   [ring of protection]

   AC:        It affects your AC (+4).
   rElec:     It insulates you from electricity.
   Stlth:     It makes you more stealthy.
 r - a ring of protection from cold
 t - a ring of positive energy (right hand)
 A - the ring "Enger" {rC+ Int+6}
   (You found it in a Gauntlet)

   [ring of intelligence]

   Int:       It affects your intelligence (+6).
   rC:        It protects you from cold.
 B - the amulet of Starshine {RegenMP rF+ Str-3 Dex+2}
   (You found it in a Gauntlet)

   [amulet of magic regeneration]

   It increases your rate of magic regeneration.
   Str:       It affects your strength (-3).
   Dex:       It affects your dexterity (+2).
   rF:        It protects you from fire.
 J - a ring of ice
 M - a ring of fire
 O - the amulet of the City {Acrobat Fly Regen+ Str-5 Dex+4}
   (You took it off a goblin on level 12 of the Dungeon)

   [amulet of the acrobat]

   It increases your evasion while moving and waiting.
   Str:       It affects your strength (-5).
   Dex:       It affects your dexterity (+4).
   Fly:       It grants you flight.
   Regen:     It increases your rate of health regeneration.
Wands
 m - a wand of flame (69)
 w - a wand of iceblast (11)
 D - a wand of charming (30)
 H - a wand of mindburst (9)
 I - a wand of digging (7)
Scrolls
 c - 2 scrolls of identify
 g - 3 scrolls of fog
 i - 6 scrolls of teleportation
 x - a scroll of amnesia
 z - 2 scrolls of silence
 C - a scroll of magic mapping
 N - a scroll of poison
Potions
 h - 9 potions of curing
 k - 3 potions of might
 l - 3 potions of invisibility
 o - 2 potions of magic
 s - 2 potions of haste
 u - a potion of resistance
 E - a potion of berserk rage
 L - a potion of mutation


   Skills:
 + Level 13.8 Fighting
 + Level 14.7 Axes
 + Level 12.8 Armour
 + Level 12.8 Shields


You had 12 spell levels left.
You didn't know any spells.
Your spell library contained the following spells:

 Spells                   Type           Power      Damage    Failure   Level
 Apportation              Tloc           0%         N/A       99%         1
 Summon Small Mammal      Summ           0%         N/A       99%         1
 Cigotuvi's Dreadful Rot  Necr/Pois/Air  0%         N/A       100%        2
 Ensorcelled Hibernation  Hex/Ice        0%         N/A       100%        2
 Passwall                 Tmut/Erth      0%         N/A       100%        2
 Poisonous Vapours        Pois/Air       0%         N/A       100%        2
 Call Canine Familiar     Summ           0%         N/A       100%        3
 Gell's Gravitas          Tloc           0%         N/A       100%        3
 Lesser Beckoning         Tloc           0%         N/A       100%        3
 Mephitic Cloud           Conj/Pois/Air  0%         N/A       100%        3
 Summon Guardian Golem    Hex/Summ       0%         N/A       100%        3
 Swiftness                Air            0%         N/A       100%        3
 Teleport Other           Tloc           0%         N/A       100%        3
 Olgreb's Toxic Radiance  Pois           0%         N/A       100%        4
 Petrify                  Tmut/Erth      0%         N/A       100%        4
 Alistair's Intoxication  Tmut/Pois      0%         N/A       100%        5
 Borgnjor's Vile Clutch   Necr/Erth      0%         N/A       100%        5
 Metabolic Englaciation   Hex/Ice        0%         N/A       100%        5
 Death Channel            Necr           0%         N/A       100%        6
 Statue Form              Tmut/Erth      0%         N/A       100%        6
 Orb of Destruction       Conj           0%         9d5       100%        7
 Ozocubu's Refrigeration  Ice            0%         4d7       100%        7
 Spellforged Servitor     Conj/Summ      0%         N/A       100%        7
 Ignition                 Fire           0%         3d3       100%        8
 Animate Dead             Necr           Unusable   N/A       N/A         4

Dungeon Overview and Level Annotations

Branches:
Dungeon (12/15)            Temple (1/1) D:4            Lair (0/5) D:11
    Orc (0/2) D:11        Gauntlet (visited)

Altars:
Ashenzari
Cheibriados
Dithmenos
Elyvilon
Fedhas
Gozag
Hepliaklqana
Kikubaaqudgha
Makhleb
Nemelex Xobeh
Okawaru
Qazlal
Ru
Sif Muna
Trog
Uskayaw
Vehumet
Wu Jian
Xom
Yredelemnul
Zin
The Shining One

Shops:
D:5 =   D:8 [(   D:11 :

Annotations:
D:4 1 runed translucent door, p00ps00p's ghost, amateur HOFi
D:12 Rupert


Innate Abilities, Weirdness & Mutations

Your mind is acute. (Int +4, Str/Dex -1)
You are clumsy. (Dex -2)
You are vulnerable to heat. (rF-)


Message History

Rupert burns you.
You slice Rupert!!
Rupert is heavily wounded.
Rupert hits you with a +1 executioner's axe of flaming!
Rupert burns you.
You closely miss Rupert.
Rupert is heavily wounded.
You block Rupert's attack.
You barely miss Rupert.
Rupert is heavily wounded.
Rupert roars madly and goes into a rage!
Rupert goes berserk!
You slice Rupert!!
Rupert is heavily wounded.
You block Rupert's attack.
You hit Rupert but do no damage. You drain Rupert.
Rupert is heavily wounded.
Rupert closely misses you. You block Rupert's attack.
You hit Rupert.
Rupert is heavily wounded.
Rupert hits you with a +1 executioner's axe of flaming!
Rupert burns you.
You slice Rupert!!
Rupert is severely wounded.
Rupert hits you with a +1 executioner's axe of flaming!
Rupert burns you!
You hit Rupert.
Rupert is severely wounded.
You block Rupert's attack.
Rupert hits you with a +1 executioner's axe of flaming!!!
* * * LOW HITPOINT WARNING * * *
Rupert burns you!
* * * LOW HITPOINT WARNING * * *
You are confused.
You feel invigorated.
Rupert hits you with a +1 executioner's axe of flaming!!
* * * LOW HITPOINT WARNING * * *
Rupert burns you.
You die...
Your body crumbles into a pile of gold.

.....................,,,,,,,,,,,*
....................#**********,*
###################.# *,*
....................####*******,*
........................,,,,,,,,*
........................,,,,,,,,*
........................,,,,,,,,*
.....................>..,,,,,,,,*
................@@......,,,,,,,,*
........>......$........,,,,,,,,*
........................,,,,,,,,*
########################*********


You could see Rupert (berserk, resistant, drained).

Vanquished Creatures
  A tentacled starspawn (Abyss:2)
  A cacodemon (Gauntlet)
  A minotaur (Gauntlet)
  A green death (Abyss:2)
  Josephine (D:12)
  Fannar (D:10)
  A centaur warrior (D:9)
  Erica (D:10)
  4 two-headed ogres
  A catoblepas (Gauntlet)
  4 boulder beetles
  Pikel (D:6)
  2 wizards
  2 ugly things
  4 cyclopes
  Maurice (D:11)
  A molten gargoyle (Gauntlet)
  3 gargoyles
  Joseph (D:10)
  A komodo dragon (D:11)
  Maggie (D:10)
  2 rime drakes (Gauntlet)
  A kobold demonologist (D:12)
  3 trolls
  A slime creature (D:9)
  Prince Ribbit (D:7)
  A vampire (D:10)
  9 wraiths
  3 yaks (D:11)
  2 shadows
  Grum (D:8)
  2 wyverns (D:9)
  A human (shapeshifter) (Abyss:2)
  2 vampire mosquitoes (D:12)
  A steam dragon (D:6)
  A two-headed ogre zombie (D:11)
  Menkaure (D:6)
  3 neqoxecs (Gauntlet)
  Duvessa (D:7)
  3 acid dragons
  A water moccasin (D:6)
  2 large abominations (Abyss:2)
  A sky beast (D:8)
  A black bear (D:6)
  8 orc warriors
  4 ice beasts
  6 ogres
  4 wolves (D:8)
  8 centaurs
  2 phantoms
  3 lemures (D:6)
  3 kobold brigands
  Blork the orc (D:6)
  5 bullfrogs
  2 necrophages
  2 scorpions
  3 wights (D:8)
  Dowan (D:7)
  7 killer bees
  3 hounds
  A jelly (D:6)
  Crazy Yiuf (D:2)
  8 orc priests
  Jessica (D:2)
  8 orc wizards
  6 iguanas
  7 ogre zombies (D:11)
  Robin (D:2)
  4 gnolls
  7 adders
  3 shadow imps
  3 white imps
  An ufetubus (D:6)
  3 worms
  2 dart slugs
  58 orcs
  10 ball pythons
  2 bats
  4 endoplasms
  3 giant cockroaches
  14 goblins
  14 hobgoblins
  10 jackals
  5 quokkas
  2 frilled lizards
  A goblin skeleton (D:11)
  4 goblin zombies (D:11)
  A hobgoblin skeleton (D:11)
  3 hobgoblin zombies (D:11)
  16 kobolds
  3 orc skeletons (D:11)
  13 orc zombies (D:11)
  A starspawn tentacle (Abyss:2)
360 creatures vanquished.

Vanquished Creatures (others)
  Psyche (D:12)
  7 plants
  A starspawn tentacle (Abyss:2)
9 creatures vanquished.

Grand Total: 369 creatures vanquished

Notes
Turn   | Place    | Note
-------+----------+-------------------------------------------
     0 | D:1      | p00ps00p the Hill Orc Fighter began the quest for the Orb.
     0 | D:1      | Reached XP level 1. HP: 19/19 MP: 1/1
   205 | D:1      | Reached skill level 3 in Axes
   205 | D:1      | Reached XP level 2. HP: 27/27 MP: 2/2
   332 | D:1      | Reached XP level 3. HP: 20/33 MP: 3/3
   958 | D:2      | Noticed Jessica
   964 | D:2      | Killed Jessica
   965 | D:2      | Reached XP level 4. HP: 32/40 MP: 4/4
  1218 | D:2      | Identified the +1 helmet of the Cockroach {rF+ rC+ rN+
                  | Str+4}
  1218 | D:2      | Noticed Robin
  1228 | D:2      | Killed Robin
  1229 | D:2      | Reached skill level 4 in Axes
  1229 | D:2      | Reached XP level 5. HP: 43/47 MP: 5/5
  1447 | D:2      | Found a runed translucent door.
  1448 | D:2      | Noticed Crazy Yiuf
  1697 | D:2      | Killed Crazy Yiuf
  1945 | D:3      | Identified the +12 sling of Red Wine {speed, rPois SInv}
  2033 | D:3      | Identified the +7 hand axe "Herom" {freeze, Int+3 SInv}
  2381 | D:3      | Reached skill level 5 in Fighting
  2678 | D:3      | Found a shimmering blue altar of Sif Muna.
  2897 | D:4      | Reached XP level 6. HP: 53/56 MP: 6/6
  3005 | D:4      | Reached skill level 5 in Axes
  3033 | D:4      | Reached skill level 5 in Armour
  3033 | D:4      | Reached skill level 5 in Shields
  3033 | D:4      | Reached XP level 7. HP: 62/62 MP: 7/7
  3098 | D:4      | Found a staircase to the Ecumenical Temple.
  3115 | Temple   | Entered the Ecumenical Temple
  3242 | Temple   | Became a worshipper of Gozag Ym Sagoz the Greedy
  3435 | D:4      | Found a runed translucent door.
  3437 | D:4      | Noticed p00ps00p's ghost (amateur HOFi)
  3910 | D:5      | Entered Level 5 of the Dungeon
  3966 | D:5      | Reached skill level 6 in Axes
  4083 | D:5      | Found a hazy altar of Hepliaklqana.
  4083 | D:5      | Found a hide-covered altar of Uskayaw.
  4085 | D:5      | Found a glowing silver altar of Zin.
  4139 | D:5      | Reached XP level 8. HP: 71/71 MP: 8/8
  4372 | D:5      | Found Fougy's Jewellery Shoppe.
  4638 | D:6      | Reached skill level 7 in Axes
  4752 | D:6      | Noticed Pikel
  4769 | D:6      | Killed Pikel
  4770 | D:6      | Reached skill level 8 in Axes
  4770 | D:6      | Reached XP level 9. HP: 65/81 MP: 9/9
  4894 | D:6      | Noticed Menkaure
  4903 | D:6      | Killed Menkaure
  5234 | D:6      | Found a basalt altar of Yredelemnul.
  5342 | D:6      | Noticed Blork the orc
  5348 | D:6      | Killed Blork the orc
  5520 | D:7      | Noticed Duvessa
  5520 | D:7      | Noticed Dowan
  5889 | D:7      | Killed Duvessa
  5890 | D:7      | Reached skill level 9 in Axes
  5910 | D:7      | Killed Dowan
  6050 | D:7      | Found a stormy altar of Qazlal.
  6084 | D:7      | Reached XP level 10. HP: 87/91 MP: 10/10
  6156 | D:7      | Noticed Prince Ribbit
  6189 | D:7      | Killed Prince Ribbit
  6391 | D:8      | Found a burning altar of Makhleb.
  6464 | D:8      | Noticed Grum
  6471 | D:8      | Killed Grum
  6480 | D:8      | Reached skill level 10 in Axes
  6639 | D:8      | Found a sparkling altar of Nemelex Xobeh.
  7033 | D:8      | Found Westreps's Antique Weapon Shoppe.
  7374 | D:8      | Reached skill level 10 in Fighting
  7835 | D:8      | Bought a +1 cloak of poison resistance for 189 gold pieces
  7835 | D:8      | Bought a +0 pair of boots of flying for 161 gold pieces
  8164 | D:9      | Noticed a wizard
  8164 | D:9      | Noticed a centaur warrior
  8165 | D:9      | Noticed a salamander
  8165 | D:9      | Noticed a brown ugly thing
  8165 | D:9      | Noticed a boulder beetle
  8166 | D:9      | Noticed a boulder beetle
  8166 | D:9      | Noticed a cyclops
  8172 | D:9      | Killed a centaur warrior
  8173 | D:9      | a salamander changed into a polar bear
  8179 | D:9      | Killed a brown ugly thing
  8180 | D:9      | Reached skill level 11 in Axes
  8180 | D:9      | Reached XP level 11. HP: 101/101 MP: 11/11
  8191 | D:9      | Killed a cyclops
  8199 | D:9      | a polar bear changed into a fire crab
  8199 | D:9      | Noticed a fire crab (shapeshifter)
  8203 | D:9      | a fire crab changed into a jumping spider
  8464 | D:9      | Killed a boulder beetle
  8465 | D:9      | Reached skill level 10 in Armour
  8465 | D:9      | Reached skill level 10 in Shields
  8639 | D:9      | Identified the +6 quarterstaff of the Big Fish {vorpal, rC+
                  | Int+4}
  8719 | Abyss:2  | Cast into level 2 of the Abyss (a wizard)
  8830 | Abyss:2  | Noticed a tentacled starspawn
  8832 | Abyss:2  | Noticed a green death
  8837 | Abyss:2  | Killed a tentacled starspawn
  8843 | Abyss:2  | Killed a green death
  8844 | Abyss:2  | Reached skill level 12 in Axes
  8876 | Abyss:2  | Noticed a bone dragon
  8878 | D:9      | Escaped the Abyss
  8881 | D:9      | Killed a wizard
  9069 | D:9      | Noticed a two-headed ogre
  9076 | D:9      | Killed a two-headed ogre
  9243 | D:9      | Identified the ring "Bunnas" {rElec AC+4 Stlth+}
  9347 | D:10     | Entered Level 10 of the Dungeon
  9368 | D:10     | Noticed Maggie
  9373 | D:10     | Noticed Erica
  9399 | D:10     | Killed Erica
  9406 | D:10     | Killed Maggie
  9518 | D:10     | Found a blossoming altar of Fedhas.
  9565 | D:10     | Reached XP level 12. HP: 108/112 MP: 12/12
  9895 | D:10     | Noticed Fannar
  9914 | D:10     | Killed Fannar
  9978 | D:10     | Noticed a boulder beetle
 10015 | D:10     | Killed a boulder beetle
 10064 | D:10     | Noticed Joseph
 10077 | D:10     | Killed Joseph
 10078 | D:10     | Reached skill level 13 in Axes
 11248 | D:11     | Found Mis Nam's Book Emporium.
 11374 | D:11     | Found a staircase to the Orcish Mines.
 11748 | D:11     | Noticed a boulder beetle
 11766 | D:11     | Killed a boulder beetle
 11873 | D:11     | Noticed a two-headed ogre
 11874 | D:11     | Found a staircase to the Lair.
 11875 | D:11     | Noticed a two-headed ogre
 11882 | D:11     | Killed a two-headed ogre
 11889 | D:11     | Killed a two-headed ogre
 12045 | D:11     | Noticed Maurice
 12059 | D:11     | Killed Maurice
 12124 | D:12     | Noticed Psyche
 12134 | D:12     | Killed Psyche
 12283 | D:12     | Found a gate leading to a gauntlet.
 12291 | Gauntlet | Entered a Gauntlet
 12291 | Gauntlet | Found a transporter.
 12325 | Gauntlet | Found a transporter.
 12329 | Gauntlet | Found a transporter.
 12337 | Gauntlet | Found a transporter.
 12341 | Gauntlet | Found a transporter.
 12347 | Gauntlet | Noticed a catoblepas
 12349 | Gauntlet | Found a transporter.
 12353 | Gauntlet | Found a transporter.
 12358 | Gauntlet | Noticed a green death
 12364 | Gauntlet | Found a transporter.
 12365 | Gauntlet | Found a transporter.
 12370 | Gauntlet | Noticed a cacodemon
 12373 | Gauntlet | Found a transporter.
 12403 | Gauntlet | Found a transporter.
 12415 | Gauntlet | Found a transporter.
 12428 | Gauntlet | Found a transporter.
 12441 | Gauntlet | Found a transporter.
 12860 | Gauntlet | Identified the ring "Enger" {rC+ Int+6}
 12879 | Gauntlet | Killed a catoblepas
 12880 | Gauntlet | Reached skill level 14 in Axes
 13256 | Gauntlet | Identified the amulet of Starshine {RegenMP rF+ Str-3
                  | Dex+2}
 13265 | Gauntlet | Gained mutation: You are clumsy. (Dex -2) [a cacodemon]
 13266 | Gauntlet | Gained mutation: Your mind is acute. (Int +4, Str/Dex -1)
                  | [a neqoxec]
 13278 | Gauntlet | Gained mutation: You are vulnerable to heat. (rF-) [a
                  | neqoxec]
 13279 | Gauntlet | Killed a cacodemon
 13280 | Gauntlet | Reached XP level 13. HP: 46/122 MP: 13/13
 13728 | Gauntlet | Noticed a minotaur
 13748 | Gauntlet | Killed a minotaur
 14121 | D:12     | Identified the amulet of the City {Acrobat Fly Regen+ Str-5
                  | Dex+4}
 14232 | D:12     | Noticed Josephine
 14242 | D:12     | Killed Josephine
 15021 | D:12     | Noticed Rupert
 15038 | D:12     | HP: 2/123 [Rupert/+1 executioner's axe of flaming (21)]
 15038 | D:12     | Slain by Rupert

Illustrated notes

Levels and vault maps discovered:
D:1:      shiori_arrival_maze, layout_basic, nicolae_figureground_sparkle
D:2:      layout_basic, uniq_crazy_yiuf_cottage, uniq_jessica, uniq_robin
D:3:      layout_loops_ring, lemuel_blue_sif_altar, roderic_serpentine_path,
          nrook_mini_vaults
D:4:      wad_river_or_something, layout_loops_ring,
          minmay_temple_entry_stoned_glass, ebering_ghost_reflecting_pool
D:5:      layout_basic, gammafunk_temple_overflow_claw, nicolae_take_the_stairs
D:6:      layout_loops_ring, kennysheep_mini, uniq_blork_the_orc, uniq_menkaure,
          uniq_pikel
D:7:      layout_rooms, mainiacjoe_overflow_chevrons, uniq_prince_ribbit1,
          uniq_duvessa
D:8:      layout_basic, mainiacjoe_overflow_surrounded_room, bloody_makhleb,
          serial_shops, kennysheep_mini_moat, uniq_grum
D:9:      minmay_the_grid_triangle_9x9_recursive_2
          [minmay_the_grid_triangle_9x9_prize_center,
          minmay_the_grid_triangle_9x9_corrupted_corridor,
          minmay_the_grid_triangle_9x9_windchime,
          minmay_the_grid_triangle_9x9_minimal], layout_irregular_city
D:10:     layout_basic, fedhas_altar_fruit_tree, special_room
          [special_room_orc], serial_rivers, chequers_serial_rivers_small_3,
          chequers_serial_rivers_small_a, chequers_serial_rivers_room_b,
          chequers_serial_rivers_small_a, chequers_serial_rivers_micro_e,
          uniq_erica, uniq_joseph, uniq_fannar, uniq_maggie
D:11:     layout_roguey, david_lair_shrubbed, zombieorc2_lemuel, serial_shops,
          nicolae_square_shop, uniq_maurice
D:12:     layout_long_grid, gauntlet_entry_generic, corexii_checkpoint_a,
          uniq_rupert, uniq_josephine, uniq_psyche
Temple:   dshaligram_water_room_temple

Skill      XL: |  1  2  3  4  5  6  7  8  9 10 11 12 |
---------------+-------------------------------------+-----
Axes           | 3 4 5 6 8 9 11 12 14 | 14.7
Fighting       | 4 5 6 7 9 10 11 13 | 13.8
Armour         | 4 5 7 8 9 10 12 | 12.8
Shields        | 4 5 7 8 9 10 12 | 12.8

Action                   |  1- 3 |  4- 6 |  7- 9 | 10-12 | 13-15 || total
-------------------------+-------+-------+-------+-------+-------++-------
Melee: War axe           |    78 |    68 |       |    34 |   118 ||   298
       Hand axe          |       |    46 |   241 |   473 |       ||   760
       Unarmed           |       |       |       |    17 |       ||    17
 Fire: Sling             |       |       |       |    52 |       ||    52
Invok: Call Merchant     |       |       |       |     1 |       ||     1
Evoke: Wand              |       |       |       |     4 |     1 ||     5
  Use: Scroll            |     6 |     9 |    11 |     9 |     1 ||    36
       Potion            |       |     1 |       |     6 |     3 ||    10
 Stab: Distracted        |       |       |     1 |     2 |     1 ||     4
       Invisible         |       |       |       |       |     1 ||     1
Armor: Scale mail        |    11 |       |       |       |       ||    11
       Plate armour      |    23 |    67 |    86 |   180 |    60 ||   416
Dodge: Dodged            |    20 |    20 |    31 |    76 |    23 ||   170
Block: Buckler           |    33 |    37 |       |       |       ||    70
       Kite shield       |       |    17 |   160 |   329 |   100 ||   606
       Reflection        |       |     1 |    15 |    19 |       ||    35
       Other             |       |       |       |     5 |       ||     5

Table legend: (Time is in decaauts)
 A = Elapsed time spent in this place.
 B = Non-inter-level travel time spent in this place.
 C = Inter-level travel time spent in this place.
 D = Time resting spent in this place.
 E = Time spent auto-exploring this place.
 F = Levels seen in this place.
 G = Mean time per level.
                   A        B        C        D        E       F      G
               +--------+--------+--------+--------+--------+-----+--------+
         Total |  15084 |  14185 |    899 |   2836 |   8574 |  15 | 1005.6 |
       Dungeon |  13157 |  12271 |    886 |   1894 |   8113 |  12 | 1096.4 |
        Temple |    140 |    127 |     13 |      0 |    103 |   1 |  140.0 |
         Abyss |    154 |    154 |      0 |      2 |     43 |   1 |  154.0 |
      Gauntlet |   1631 |   1631 |      0 |    940 |    315 |   1 | 1631.0 |
               +--------+--------+--------+--------+--------+-----+--------+

Top non-repeatable levels by time:
Gauntlet: 1631 daAuts
     D:8: 1522 daAuts
    D:10: 1382 daAuts
     D:6: 1376 daAuts
     D:9: 1362 daAuts
    D:12: 1293 daAuts
     D:2: 1075 daAuts
     D:4: 1030 daAuts
    D:11: 959 daAuts
     D:3: 940 daAuts
     D:1: 912 daAuts
     D:5: 761 daAuts
     D:7: 541 daAuts
 Abyss:2: 154 daAuts
  Temple: 140 daAuts
